 Dungeon Crawl Stone Soup version 0.29.1-12-g30fa7ad0bf (webtiles) character file.

Game seed: 6785193415020278671

70 xian the Shooter (level 4, -1/20 (23) HPs)
             Began as a Spriggan Hunter on Jan 7, 2023.
             Slain by Crazy Yiuf
             ... wielding a +4 quarterstaff of chaos
              (12 damage)
             ... on level 2 of the Dungeon.
             The game lasted 00:03:44 (1904 turns).

xian the Shooter (Spriggan Hunter)                  Turns: 1904, Time: 00:03:45

HP:   -1/20 (23)    AC:  9    Str:  9    XL:     4   Next: 3%
MP:   5/5           EV: 18    Int: 10    God:
Gold: 110           SH:  0    Dex: 18    Spells: 3/3 levels left

rFire   . . .      SeeInvis +   t - +1 hammer (protect)
rCold   . . .      Faith    .   (no shield)
rNeg    . . .      Spirit   .   c - +0 robe
rPois   .          Reflect  .   (helmet restricted)
rElec   .          Harm     .   (no cloak)
rCorr   .          Rampage  .   (gloves unavailable)
Will    .....                   (boots unavailable)
Stlth   ++........              d - amulet of the acrobat
HPRegen 0.06/turn               (no ring)
MPRegen 0.09/turn               (no ring)

@: under a protective aura, heavily drained, very quick
A: very small, no large weapons, unfitting armour, see invisible, speed 3
a: no special abilities


You were on level 2 of the Dungeon.
You visited 1 branch of the dungeon, and saw 4 of its levels.

You collected 110 gold pieces.

Inventory:

Hand Weapons
 a - a +0 shortbow
 t - a +1 hammer of protection (weapon)
Missiles
 j - a throwing net
Armour
 c - a +0 robe (worn)
Jewellery
 d - an amulet of the acrobat (around neck)
Scrolls
 b - 2 scrolls of immolation
 e - a scroll of torment {unknown}
 g - a scroll of enchant weapon {unknown}
 l - a scroll of fog {unknown}
 p - a scroll of identify {unknown}
 r - 2 scrolls of blinking {unknown}
 s - 2 scrolls of teleportation {unknown}
Potions
 f - a potion of degeneration {unknown}
 h - a potion of ambrosia {unknown}
 k - a potion of curing {unknown}
 m - a potion of cancellation {unknown}
 n - 2 potions of lignification {unknown}
 o - a potion of flight {unknown}
 q - a potion of mutation {unknown}


   Skills:
 + Level 1.9 Fighting
 + Level 5.2 Ranged Weapons
 + Level 3.0 Dodging
 + Level 2.2 Stealth


You had 3 spell levels left.
You didn't know any spells.
Your spell library was empty.

Dungeon Overview and Level Annotations

Branches:
Dungeon (4/15)
 Temple: D:4-7

Altars:
Cheibriados
Hepliaklqana
Nemelex Xobeh
Qazlal
Trog

Shops:
D:1 :

Annotations:
D:2 Crazy Yiuf
D:3 SirLogeyBear's ghost, amateur HOBe


Innate Abilities, Weirdness & Mutations

You are very small and have problems with some larger weapons.
You are too small for most types of armour.
You have supernaturally acute eyesight. (SInv)
You cover ground extremely quickly. (Speed+++)


Message History

Found three hammers.
Crazy Yiuf screams, "Fluff noodlescoop pizzabubble!"
You see here a +0 hammer.
You open the door. You hit Crazy Yiuf but do no damage.
Your weapon exudes an aura of protection.
Crazy Yiuf closely misses you.
You closely miss Crazy Yiuf. Crazy Yiuf misses you.
You hit Crazy Yiuf.
Crazy Yiuf is lightly wounded.
Crazy Yiuf misses you.
Crazy Yiuf hits you with a +4 quarterstaff of chaos!
You closely miss Crazy Yiuf. You punch Crazy Yiuf.
Crazy Yiuf is lightly wounded.
Crazy Yiuf hits you with a +4 quarterstaff of chaos.
You feel drained.
You hit Crazy Yiuf but do no damage.
Crazy Yiuf is lightly wounded.
Crazy Yiuf hits you but does no damage. Crazy Yiuf closely misses you.
You hit Crazy Yiuf.
Crazy Yiuf is moderately wounded.
Crazy Yiuf misses you.
You hit Crazy Yiuf but do no damage.
Crazy Yiuf is moderately wounded.
Crazy Yiuf hits you with a +4 quarterstaff of chaos.
You feel drained.
Unknown command.
You hit Crazy Yiuf.
Crazy Yiuf is heavily wounded.
Crazy Yiuf misses you.
Crazy Yiuf says, "I'm not crazy!"
Crazy Yiuf completely misses you.
You hit Crazy Yiuf.
Crazy Yiuf is heavily wounded.
Crazy Yiuf closely misses you.
You closely miss Crazy Yiuf.
Crazy Yiuf is heavily wounded.
Crazy Yiuf hits you with a +4 quarterstaff of chaos!
Ouch! That really hurt!
You die...

.#####...#
#....# ##
#...#
#....#
#...#
#P.#P#
#####
##.P)#
##)## ##)#
#.## ##)#
### #@##
###.# #g#
#...# )))
######.#.#
#)))#
.......#.#
#).)#
########.#
##### #
#.### #
#.#.# #
#...#


You could see Crazy Yiuf.

Vanquished Creatures
  2 worms
  4 dart slugs
  9 endoplasms
  3 goblins
  8 hobgoblins
  8 jackals
  2 kobolds
  A quokka (D:3)
  A ball python (D:2)
  4 bats
  3 frilled lizards
  3 rats
48 creatures vanquished.

Vanquished Creatures (others)
  2 fungi (D:2)
2 creatures vanquished.

Grand Total: 50 creatures vanquished

Notes
Turn   | Place    | Note
-------+----------+-------------------------------------------
     0 | D:1      | xian the Spriggan Hunter began the quest for the Orb.
     0 | D:1      | Reached XP level 1. HP: 10/10 MP: 2/2
    95 | D:1      | Found a faded altar of an unknown god.
   243 | D:1      | Reached XP level 2. HP: 14/14 MP: 3/3
   255 | D:1      | Found Iqiojum's Book Boutique.
   776 | D:2      | Reached XP level 3. HP: 18/18 MP: 4/4
   918 | D:2      | You fall into a shaft and drop 2 floors!
   979 | D:3      | Reached skill level 5 in Ranged Weapons
  1143 | D:3      | Found a bloodstained altar of Trog.
  1254 | D:3      | Found a stormy altar of Qazlal.
  1256 | D:3      | Found a sparkling altar of Nemelex Xobeh.
  1350 | D:3      | Found a snail-covered altar of Cheibriados.
  1350 | D:3      | Found a hazy altar of Hepliaklqana.
  1505 | D:3      | Noticed SirLogeyBear's ghost (amateur HOBe)
  1771 | D:2      | Reached XP level 4. HP: 23/23 MP: 5/5
  1885 | D:2      | Found a runed translucent door.
  1886 | D:2      | Noticed Crazy Yiuf
  1904 | D:2      | Slain by Crazy Yiuf

Illustrated notes

Levels and vault maps discovered:
D:1:      kilobyte_arrival_exit_the_forest, layout_rooms,
          chequers_ecumenical_altar_simple, serial_shops,
          nicolae_shop_temple_entry_statues_fountains, minmay_tromino_v4_b
D:2:      layout_rooms, st_stairs_5, item_on_display_a, uniq_crazy_yiuf_cottage
D:3:      layout_basic, nicolae_overflow_crystal_walls,
          nicolae_overflow_hidden_temple, gammafunk_temple_overflow_pools,
          gammafunk_ghost_arena, grunt_ministairs_14, st_stairs_6,
          minmay_misc_feat_roman, wad_floor_pattern_1
D:4:      layout_gridville, minmay_misc_feat_ornament

Skill      XL: |  1  2  3 |
---------------+----------+-----
Dodging        | 3 |  3.0
Ranged Weapons | 5 |  5.2
Stealth        | 2 |  2.2
Fighting       | |  1.9

Action                   |  1- 3 |  4- 6 || total
-------------------------+-------+-------++-------
Melee: Mace              |       |    17 ||    17
       Punch             |       |     1 ||     1
 Fire: Shortbow          |   125 |     4 ||   129
Armor: Robe              |     6 |     1 ||     7
Dodge: Dodged            |    28 |     9 ||    37
